 Seeded DCSS version 0.27-a0-1591-gc56fcc985a (webtiles) character file.

Game seed: 5502700152397645798 (custom seed)

31879 flotson the Fighter (level 13, -12/103 HPs)
             Began as a Demonspawn Delver on July 19, 2021.
             Mangled by Agnes (28 damage)
             ... on level 14 of the Dungeon.
             The game lasted 00:39:08 (20169 turns).

flotson the Fighter (Demonspawn Delver)            Turns: 20169, Time: 00:39:10

Health: -12/103    AC: 22    Str: 23      XL:     13   Next: 28%
Magic:  0/13       EV: 13    Int: 12 (13) God:
Gold:   219        SH: 20    Dex: 18      Spells: 12/12 levels left

rFire    + . .     SeeInvis .   a - +2 demon trident (elec)
rCold    + . .     Faith    .   h - +0 tower shield
rNeg     . . .     Spirit   +   B - +4 ring mail {rF+}
rPois    +         Reflect  .   (helmet restricted)
rElec    .         Harm     .   z - scarf {shadows}
rCorr    .         Rampage  .   (no gloves)
Will     .....                  V - +2 pair of boots
Stlth    +++.......             D - amulet of guardian spirit
HPRegen  0.27/turn              o - ring of Myreabb {+Blink Fly rPois rC+ Dex+4}
MPRegen  0.13/turn              U - +6 ring of strength

@: flying
A: antennae 2, icemail 2, spiny 1, sturdy frame 2, condensation shield
a: Evoke Blink


You were on level 14 of the Dungeon.
You visited 1 branch of the dungeon, and saw 14 of its levels.
You also visited: Sewer and Bailey.

You collected 1010 gold pieces.
You spent 791 gold pieces at shops.

Inventory:

Hand Weapons
 a - a +2 demon trident of electrocution (weapon)
 b - the +7 hand crossbow "Seshruyl" {flame, Fly Will+ Str+4}
   (You bought it in a shop on level 14 of the Dungeon)

   Any ammunition fired from it burns those it strikes, dealing additional fire
   damage.
   Str:       It affects your strength (+4).
   Fly:       It grants you flight.
   Will:      It increases your willpower.
Missiles
 r - 51 boomerangs
 w - 7 curare-tipped darts (quivered)
 x - 63 poisoned darts
 A - 3 atropa-tipped darts
 I - 3 throwing nets
 W - 72 bolts
Armour
 h - a +0 tower shield (worn)
 z - a scarf of shadows (worn)
 B - a +4 ring mail of fire resistance (worn)
 C - +0 acid dragon scales
 V - a +2 pair of boots (worn)
Jewellery
 l - a ring of willpower
 o - the ring of Myreabb (left hand) {+Blink Fly rPois rC+ Dex+4}
   (You found it on level 4 of the Dungeon)

   [ring of flight]

   Dex:       It affects your dexterity (+4).
   rC:        It protects you from cold.
   rPois:     It protects you from poison.
   Fly:       It grants you flight.
   +Blink:    It lets you blink.
 y - an amulet of reflection
 D - an amulet of guardian spirit (around neck)
 K - the macabre finger necklace {rN+}
   (You found it on level 7 of the Dungeon)

   [amulet of nothing]

   It enables you to equip an extra ring.
   rN:        It protects you from negative energy.
 Q - a ring of protection from cold
 U - a +6 ring of strength (right hand)
 X - a ring of poison resistance
Wands
 f - a wand of iceblast (15)
 g - a wand of digging (3)
 k - a wand of flame (28)
 q - a wand of paralysis (9)
 P - a wand of polymorph (5)
 S - a wand of acid (16)
Scrolls
 c - 3 scrolls of fog
 d - 8 scrolls of teleportation
 e - 3 scrolls of fear
 m - 5 scrolls of enchant weapon
 p - 2 scrolls of enchant armour
 F - 4 scrolls of immolation
 G - a scroll of summoning
 L - 2 scrolls of vulnerability
 N - 3 scrolls of blinking
 R - 2 scrolls of brand weapon {unknown}
 T - a scroll of noise {unknown}
Potions
 i - 3 potions of berserk rage
 j - 3 potions of mutation
 n - 9 potions of curing
 s - a potion of haste
 t - a potion of ambrosia
 u - a potion of resistance
 v - 2 potions of lignification
 E - a potion of might
 J - 6 potions of invisibility
 M - a potion of attraction
 O - 2 potions of cancellation
Miscellaneous
 H - a lightning rod (4/4)


   Skills:
 + Level 10.0 Fighting
 + Level 5.7(7.2) Axes
 - Level 6.8(7.8) Polearms
 - Level 4.1(5.9) Slings
 + Level 2.2 Crossbows
 - Level 6.4(7.0) Throwing
 + Level 8.7 Armour
 + Level 8.9 Dodging
 - Level 4.5 Stealth
 + Level 6.4 Shields
 + Level 6.5 Evocations


You had 12 spell levels left.
You didn't know any spells.
Your spell library contained the following spells:

 Spells                   Type           Power      Damage    Failure   Level
 Animate Skeleton         Necr           0%         N/A       98%         1
 Apportation              Tloc           0%         N/A       98%         1
 Beastly Appendage        Tmut           0%         N/A       98%         1
 Corona                   Hex            0%         N/A       98%         1
 Foxfire                  Conj/Fire      0%         2x1d4     98%         1
 Summon Small Mammal      Summ           0%         N/A       98%         1
 Wereblood                Tmut           0%         N/A       99%         2
 Conjure Flame            Conj/Fire      0%         6-21      100%        3
 Frozen Ramparts          Ice            0%         1d2       100%        3
 Gell's Gravitas          Tloc           0%         N/A       100%        3
 Inner Flame              Hex/Fire       0%         N/A       100%        3
 Spider Form              Tmut/Pois      0%         N/A       100%        3
 Stone Arrow              Conj/Erth      0%         3d7       100%        3
 Teleport Other           Tloc           0%         N/A       100%        3
 Ice Form                 Ice/Tmut       0%         N/A       100%        4
 Leda's Liquefaction      Hex/Erth       0%         N/A       100%        4
 Summon Ice Beast         Ice/Summ       0%         N/A       100%        4
 Blade Hands              Tmut           0%         N/A       100%        5
 Bolt of Magma            Conj/Fire/Erth 0%         4d4       100%        5
 Irradiate                Conj/Tmut      0%         3d14      100%        5
 Dispersal                Tloc           0%         N/A       100%        6
 Statue Form              Tmut/Erth      0%         N/A       100%        6
 Dragon Form              Tmut           0%         N/A       100%        7
 Shatter                  Erth           0%         3d5*      100%        9


Dungeon Overview and Level Annotations

Branches:
Dungeon (14/15)            Temple (0/1) D:6            Lair (0/6) D:11
    Orc (0/2) D:12          Sewer (visited)          Bailey (visited)
 Vaults: D:13-14

Altars:
Ashenzari
Cheibriados
Fedhas
Hepliaklqana
Wu Jian

Shops:
D:6 =   D:7 [   D:11 [   D:14 (

Annotations:
D:14 Agnes


Innate Abilities, Weirdness & Mutations

You have a pair of antennae on your head.
A meltable icy envelope protects you from harm. (AC +8)
You are partially covered in sharp spines.
Your movements are less encumbered by armour. (ER -4)
A meltable shield of frost defends you. (SH +4)


Message History

Agnes hits you but does no damage. You block Agnes's attack.
You hit Agnes but do no damage. Lightning courses through Agnes!!
Agnes is heavily wounded.
You block Agnes's attack.
Agnes hits you with a +0 spectral lajatang!!
You hit Agnes.
Agnes is heavily wounded.
You block Agnes's attack.
Agnes hits you with a +0 spectral lajatang!
You closely miss Agnes.
Agnes is heavily wounded.
You block Agnes's attack. x3
You closely miss Agnes.
Agnes is heavily wounded.
Agnes is struck by your spines. Agnes barely misses you.
Agnes is struck by your spines. Agnes hits you but does no damage.
You miss Agnes.
Agnes is severely wounded.
You block Agnes's attack. x2
You puncture Agnes! Lightning courses through Agnes!
Agnes is almost dead.
You block Agnes's attack.
Agnes hits you with a +0 spectral lajatang.
You block Agnes's attack.
You puncture Agnes!
Agnes is almost dead.
Agnes hits you but does no damage. You block Agnes's attack.
You completely miss Agnes.
Agnes is almost dead.
Agnes hits you with a +0 spectral lajatang!!
Agnes says, "I despise a dishonourable opponent."
You block Agnes's attack.
You miss Agnes.
Agnes is almost dead.
Agnes is struck by your spines.
Agnes hits you with a +0 spectral lajatang!!
* * * LOW HITPOINT WARNING * * *
You block Agnes's attack. Agnes is struck by your spines.
Agnes hits you with a +0 spectral lajatang!!
You die...

### ....
.... ....
#≈.#
##≈≈.##
#@i..≈#
#≈≈≈.....
##≈≈.≈≈#.
##≈.!.≈.
#≈#.≈.
#≈...
≈≈≈.


You could see Agnes.

Vanquished Creatures
  Snorg (D:10)
  Harold (D:7)
  2 hydras (D:12)
  Erolcha (D:9)
  3 boulder beetles
  A catoblepas (D:14)
  3 two-headed ogres
  5 skeletal warriors (D:12)
  Pikel (D:9)
  A wizard (D:14)
  3 orc knights
  An orange crystal statue (D:13)
  An ugly thing (D:12)
  2 manticores
  A gargoyle (D:12)
  Maggie (D:6)
  An efreet (D:13)
  Psyche (D:11)
  A komodo dragon (D:8)
  3 kobold demonologists
  2 trolls
  7 slime creatures
  Sigmund (D:6)
  A shadow (D:11)
  15 yaks
  2 water elementals (D:13)
  4 wraiths
  2 wyverns
  11 vampire mosquitoes
  A warg (D:11)
  An acid dragon (D:9)
  3 water moccasins
  A sky beast (D:5)
  14 orc warriors
  3 black bears
  2 ice beasts
  An ogre (D:4)
  A necrophage (D:7)
  15 centaurs
  A lemure (D:9)
  2 phantoms (D:2)
  7 kobold brigands
  5 bullfrogs
  A gnoll sergeant (D:9)
  3 scorpions (D:11)
  6 wights
  13 killer bees
  2 howler monkeys (D:13)
  4 lava snakes
  2 electric eels (D:12)
  A crimson imp (D:7)
  A bullfrog zombie (D:5)
  4 centaur zombies
  Crazy Yiuf (D:6)
  A gnoll shaman (D:9)
  4 hounds
  6 orc priests
  2 jellies
  A scorpion zombie (D:5)
  7 orc wizards
  Natasha (thrice) (D:3)
  3 iguanas
  2 merfolk sirens (Sewer)
  A merfolk avatar (Sewer)
  3 hound skeletons (D:4)
  6 adders
  24 gnolls
  3 river rats (Sewer)
  2 white imps (D:7)
  4 ufetubi
  4 worms
  2 dart slugs
  24 orcs
  6 endoplasms
  10 giant cockroaches
  5 goblins
  13 hobgoblins
  2 jackals (D:3)
  5 quokkas
  13 ball pythons
  6 bats
  13 frilled lizards
  63 kobolds
  30 rats
442 creatures vanquished.

Vanquished Creatures (others)
  An electric eel (D:14)
  59 fungi
  62 plants
122 creatures vanquished.

Grand Total: 564 creatures vanquished

Notes
Turn   | Place    | Note
-------+----------+-------------------------------------------
     0 | D:5      | flotson the Demonspawn Delver began the quest for the Orb.
     0 | D:5      | Reached XP level 1. HP: 18/18 MP: 1/1
    31 | D:5      | Noticed a black bear
    64 | D:5      | Identified the +8 dagger "Aru Zum" {flame, Dex+5}
   144 | D:4      | Gained mutation: You have a pair of small antennae on your
                  | head. [demonic ancestry]
   144 | D:4      | Reached XP level 2. HP: 23/24 MP: 2/2
   163 | D:4      | Identified the ring of Myreabb {+Blink Fly rPois rC+ Dex+4}
   175 | D:4      | Reached skill level 1 in Armour
   175 | D:4      | Gained mutation: A meltable shield of frost defends you.
                  | (SH +4) [demonic ancestry]
   175 | D:4      | Reached XP level 3. HP: 25/29 MP: 3/3
   288 | D:3      | Found a glowing drain.
   297 | Sewer    | Entered a sewer
   333 | Sewer    | Noticed a sickly merfolk siren
   340 | Sewer    | Killed a sickly merfolk siren
   341 | Sewer    | Gained mutation: Your movements are slightly less
                  | encumbered by armour. (ER -2) [demonic ancestry]
   341 | Sewer    | Reached XP level 4. HP: 35/35 MP: 4/4
   396 | Sewer    | Reached skill level 1 in Evocations
   732 | Sewer    | Noticed a malarious merfolk avatar
   747 | Sewer    | Gained mutation: A meltable icy envelope protects you from
                  | harm. (AC +8) [demonic ancestry]
   747 | Sewer    | Reached XP level 5. HP: 42/42 MP: 5/5
  1405 | D:3      | Found a faded altar of an unknown god.
  1406 | D:3      | Noticed an eye of devastation
  1407 | D:3      | Noticed a floating eye
  1411 | D:3      | Noticed a golden eye
  1411 | D:3      | Noticed a great orb of eyes
  1636 | D:2      | Found an ornate altar of the Wu Jian Council.
  1683 | D:2      | Noticed a phantom
  1696 | D:2      | Killed a phantom
  1697 | D:2      | Reached skill level 4 in Fighting
  1697 | D:2      | Gained mutation: Your movements are less encumbered by
                  | armour. (ER -4) [demonic ancestry]
  1697 | D:2      | Reached XP level 6. HP: 48/48 MP: 6/6
  3024 | D:3      | Noticed Natasha
  3031 | D:3      | Killed Natasha
  3120 | D:3      | Noticed Natasha
  3132 | D:3      | Killed Natasha
  3292 | D:3      | Noticed Natasha
  3298 | D:3      | Killed Natasha
  3380 | D:4      | Gained mutation: You have a pair of antennae on your head.
                  | [demonic ancestry]
  3380 | D:4      | Reached XP level 7. HP: 55/55 MP: 7/7
  3644 | D:4      | Reached skill level 1 in Slings
  4574 | D:4      | Reached skill level 5 in Fighting
  4574 | D:4      | Gained mutation: A meltable icy envelope protects you from
                  | harm. (AC +8) [demonic ancestry]
  4574 | D:4      | Reached XP level 8. HP: 53/62 MP: 8/8
  5571 | D:5      | Found a hazy altar of Hepliaklqana.
  5618 | D:6      | Found a broken altar of Ashenzari.
  5746 | D:6      | Noticed Sigmund
  5777 | D:6      | Killed Sigmund
  6049 | D:6      | Found a runed translucent door.
  6050 | D:6      | Noticed Crazy Yiuf
  6171 | D:6      | Noticed Maggie
  6186 | D:6      | Killed Maggie
  6456 | D:6      | Found Muleth's Jewellery Shoppe.
  6469 | D:6      | Bought an amulet of guardian spirit for 330 gold pieces
  6675 | D:6      | Gained mutation: You are partially covered in sharp spines.
                  | [demonic ancestry]
  6675 | D:6      | Reached XP level 9. HP: 66/69 MP: 9/9
  6731 | D:6      | Found a staircase to the Ecumenical Temple.
  6912 | D:6      | Killed Crazy Yiuf
  6980 | D:7      | Identified a scroll of acquirement
  6981 | D:7      | Acquired a scarf of shadows
  7065 | D:7      | Found a flagged portal.
  7072 | Bailey   | Entered a bailey
  7082 | Bailey   | Noticed an orc knight
  7142 | Bailey   | Reached skill level 5 in Polearms
  7350 | Bailey   | Reached skill level 5 in Dodging
  7366 | Bailey   | Reached skill level 6 in Fighting
  7444 | Bailey   | Killed an orc knight
  7445 | Bailey   | Reached skill level 5 in Evocations
  7946 | D:7      | Reached skill level 5 in Armour
  7978 | D:7      | Noticed a kobold demonologist
  7979 | D:7      | Noticed a kobold demonologist
  7981 | D:7      | Noticed an ice devil
  8043 | D:7      | Found the macabre finger necklace {rN+}
  8060 | D:7      | Found a snail-covered altar of Cheibriados.
  8205 | D:7      | Found a blossoming altar of Fedhas.
  8496 | D:7      | Noticed Harold
  8510 | D:7      | Killed Harold
  8511 | D:7      | Reached skill level 1 in Throwing
  8511 | D:7      | Reached XP level 10. HP: 28/77 MP: 4/10
  8811 | D:6      | Noticed a sixfirhy
  9029 | D:7      | Found Pusoumu's Armour Shop.
  9107 | D:7      | Reached skill level 7 in Fighting
  9940 | D:8      | Noticed a two-headed ogre
  9954 | D:8      | Killed a two-headed ogre
  9955 | D:8      | Reached skill level 1 in Shields
 10868 | D:9      | Reached XP level 11. HP: 73/85 MP: 9/11
 11034 | D:9      | Noticed a two-headed ogre
 11041 | D:9      | Killed a two-headed ogre
 11077 | D:9      | Reached skill level 1 in Axes
 11422 | D:9      | Noticed Pikel
 11435 | D:9      | Killed Pikel
 11666 | D:9      | Reached skill level 8 in Fighting
 11822 | D:9      | Noticed Erolcha
 11834 | D:9      | Killed Erolcha
 11906 | D:10     | Entered Level 10 of the Dungeon
 11994 | D:10     | Noticed a two-headed ogre
 12030 | D:10     | Killed a two-headed ogre
 12603 | D:10     | Noticed Snorg
 12623 | D:10     | Killed Snorg
 12624 | D:10     | Reached skill level 5 in Throwing
 13357 | D:11     | Reached XP level 12. HP: 18/94 MP: 3/12
 13716 | D:11     | Found a staircase to the Lair.
 13716 | D:11     | Noticed a boulder beetle
 13727 | D:11     | Killed a boulder beetle
 14124 | D:11     | Found Soas's Antique Armour Shop.
 14139 | D:11     | Noticed Psyche
 14160 | D:11     | Killed Psyche
 14161 | D:11     | Reached skill level 9 in Fighting
 14238 | D:11     | Bought a pair of runed boots for 232 gold pieces
 14448 | D:11     | Reached skill level 5 in Shields
 14478 | D:11     | Acquired a +2 demon trident of electrocution
 15067 | D:12     | Noticed a five-headed hydra
 15079 | D:12     | Killed a five-headed hydra
 15430 | D:12     | Noticed a boulder beetle
 15451 | D:12     | Killed a boulder beetle
 15620 | D:12     | Noticed a four-headed hydra
 15655 | D:12     | Killed a four-headed hydra
 16249 | D:12     | Reached skill level 5 in Axes
 16612 | D:12     | You are sucked into a shaft and drop 2 floors!
 16653 | D:14     | Found Ytouneg's Antique Weapon Boutique.
 16660 | D:14     | Bought a jewelled hand crossbow for 229 gold pieces
 16660 | D:14     | Identified the +7 hand crossbow "Seshruyl" {flame, Fly
                  | Will+ Str+4} (You bought it in a shop on level 14 of the
                  | Dungeon)
 16894 | D:12     | Found a staircase to the Orcish Mines.
 16987 | D:13     | Noticed a boulder beetle
 16999 | D:13     | Killed a boulder beetle
 17199 | D:13     | Reached skill level 1 in Crossbows
 17236 | D:13     | Reached XP level 13. HP: 100/102 MP: 13/13
 18277 | D:13     | Identified the +1 robe of the Monkey's Uncle {Harm +Inv}
 20073 | D:13     | Reached skill level 10 in Fighting
 20137 | D:14     | Noticed Agnes
 20169 | D:14     | Mangled by Agnes

Illustrated notes

Levels and vault maps discovered:
D:1:      tarquinn_simple_flora_water_c, layout_rooms, minmay_tree_intersection,
          minmay_pentomino_s4
D:2:      minmay_chambers_of_twos, layout_loops_ring, basic_altar
D:3:      layout_loops_ring, hellmonk_ecumenical_altar_watching_god,
          cheibrodos_sewer_entry_drain, minmay_shallow_snake_nest, uniq_natasha
D:4:      minmay_goblin_kobold_castle, layout_cave_pools, abandoned_shop
D:5:      layout_basic, nzn_hepliaklqana_mist_gate
D:6:      layout_loops_corners, nicolae_ashenzari_skybound,
          minmay_temple_entry_overgrown, serial_shops, shop,
          uniq_crazy_yiuf_cottage, uniq_maggie, uniq_sigmund
D:7:      wad_crossroads, layout_loops_corners, mainiacjoe_overflow_24_doors,
          fedhas_ov_isle_minmay, serial_shops, kennysheep_little_box,
          enter_bailey_1, minmay_fire_ice_demons, uniq_harold
D:8:      layout_basic, minmay_lizard_king
D:9:      layout_roguey, kennysheep_cross_room, uniq_erolcha, uniq_pikel
D:10:     layout_small_grid, grunt_ministairs_14, uniq_snorg
D:11:     layout_loops_corners, due_lair_maze_entry_diamond, serial_shops,
          nicolae_diamond_shop, hangedman_decor_diamond_cutter,
          chequers_arboretum, uniq_psyche
D:12:     layout_cave_pods, erik_orc_2
D:13:     layout_small_grid, disabler_island
D:14:     cheibrodos_statue_roulette, layout_basic, erik_vaults_1, serial_shops,
          nicolae_stop_n_shop_1, kennysheep_nondescript, uniq_agnes

Skill      XL: |  1  2  3  4  5  6  7  8  9 10 11 12 13 |
---------------+----------------------------------------+-----
Polearms       | 2 3 4 5 6 |  6.8
Dodging        | 2 3 4 5 6 7 8 |  8.9
Armour         | 1 2 3 4 5 6 7 8 |  8.7
Evocations     | 1 2 3 4 5 6 |  6.5
Fighting       | 4 5 6 7 8 9 10 | 10.0
Slings         | 2 3 4 |  4.1
Throwing       | 1 3 5 6 |  6.4
Shields        | 2 4 6 |  6.4
Axes           | 3 5 |  5.7
Crossbows      | 1 2 |  2.2
Stealth        | |  4.5

Action                   |  1- 3 |  4- 6 |  7- 9 | 10-12 | 13-15 || total
-------------------------+-------+-------+-------+-------+-------++-------
Melee: Dagger            |    19 |   220 |   351 |   489 |       ||  1079
       Demon trident     |       |       |       |   226 |   158 ||   384
 Fire: Hunting sling     |       |       |    86 |    38 |       ||   124
       Hand crossbow     |       |       |       |       |     9 ||     9
Throw: Dart              |       |       |     8 |    20 |     1 ||    29
       Boomerang         |       |       |    53 |       |       ||    53
Evoke: Wand              |       |       |     3 |    16 |       ||    19
       Lightning rod     |       |       |       |     5 |       ||     5
  Use: Scroll            |     1 |       |    13 |    10 |       ||    24
       Potion            |       |     1 |     5 |       |     3 ||     9
 Stab: Sleeping          |     4 |    23 |     3 |    12 |     1 ||    43
       Distracted        |       |     1 |     3 |     3 |       ||     7
Armor: Leather armour    |     3 |    29 |       |       |       ||    32
       Chain mail        |       |    40 |   128 |       |       ||   168
       Acid dragon scale |       |       |    19 |       |       ||    19
       Ring mail         |       |       |    21 |   316 |    51 ||   388
Dodge: Dodged            |     6 |    42 |    82 |   390 |    71 ||   591
Block: Tower shield      |    13 |   176 |   366 |   881 |   164 ||  1600

Table legend: (Time is in decaauts)
 A = Elapsed time spent in this place.
 B = Non-inter-level travel time spent in this place.
 C = Inter-level travel time spent in this place.
 D = Time resting spent in this place.
 E = Time spent auto-exploring this place.
 F = Levels seen in this place.
 G = Mean time per level.
                   A        B        C        D        E       F      G
               +--------+--------+--------+--------+--------+-----+--------+
         Total |  20910 |  19614 |   1296 |   1063 |  13993 |  16 | 1306.9 |
       Dungeon |  19239 |  17943 |   1296 |   1063 |  13008 |  14 | 1374.2 |
         Sewer |    727 |    727 |      0 |      0 |    488 |   1 |  727.0 |
        Bailey |    943 |    943 |      0 |      0 |    497 |   1 |  943.0 |
               +--------+--------+--------+--------+--------+-----+--------+

Top non-repeatable levels by time:
    D:12: 2250 daAuts
    D:13: 2109 daAuts
    D:11: 2073 daAuts
     D:6: 1773 daAuts
     D:7: 1723 daAuts
     D:4: 1661 daAuts
     D:9: 1295 daAuts
    D:10: 1267 daAuts
     D:8: 1107 daAuts
     D:5: 1067 daAuts
     D:3: 1035 daAuts
  Bailey: 943 daAuts
     D:2: 906 daAuts
   Sewer: 727 daAuts
     D:1: 578 daAuts
